 Dungeon Crawl Stone Soup version 0.27.1 (webtiles) character file.

Game seed: 7428630905772653478

464 sanka the Chopper (level 6, 0/51 HPs)
             Began as a Palentonga Abyssal Knight on Aug 22, 2021.
             Was a Believer of Lugonu.
             Killed from afar by Blork the orc (6 damage)
             ... with a puff of flame
             ... on level 4 of the Dungeon.
             The game lasted 00:06:54 (2443 turns).

sanka the Chopper (Palentonga Abyssal Knight)       Turns: 2443, Time: 00:06:55

Health: 0/51       AC:  4    Str: 17    XL:     6   Next: 80%
Magic:  6/9        EV:  9    Int: 13    God:    Lugonu [**....]
Gold:   182        SH:  0    Dex:  9    Spells: 5/5 levels left

rFire    . . .     SeeInvis +   a - +1 dagger (drain)
rCold    . . .     Faith    .   (no shield)
rNeg     . . .     Spirit   .   h - +0 leather armour
rPois    .         Reflect  .   (no helmet)
rElec    .         Harm     .   (no cloak)
rCorr    .         Rampage  .   (no gloves)
Will     .....                  (no barding)
Stlth    +.........             f - amulet of regeneration
HPRegen  1.17/turn              (no ring)
MPRegen  0.11/turn              (no ring)

@: no status effects
A: large, rugged brown scales 3, see invisible, deformed body, roll 1, armoured
tail
a: Rolling Charge, Renounce Religion, Depart the Abyss, Bend Space


You were on level 4 of the Dungeon.
You worshipped Lugonu.
Lugonu was pleased with you.
You visited 1 branch of the dungeon, and saw 4 of its levels.
You visited the Abyss 1 time.

You collected 182 gold pieces.


Innate Abilities, Weirdness & Mutations

You are completely covered in rugged brown scales. (AC +3, +7% HP)
You have supernaturally acute eyesight. (SInv)
Armour fits poorly on your strangely shaped body.
You can roll at nearby foes to attack.
You have a long armoured tail.


   Skills:
 - Level 4.0 Fighting
 + Level 5.5 Axes
 - Level 1.5 Armour
 - Level 0.7 Dodging
 + Level 4.8 Invocations


You had 5 spell levels left.
You didn't know any spells.
Your spell library was empty.

Inventory:

Hand Weapons
 a - a +1 dagger of draining (weapon)
 b - a +0 battleaxe
 o - a +0 short sword of venom
Missiles
 i - 8 javelins
Armour
 h - a +0 leather armour (worn)
Jewellery
 f - an amulet of regeneration (around neck)
Scrolls
 c - 3 scrolls of identify {unknown}
 k - a scroll of enchant armour {unknown}
 m - 5 scrolls of teleportation {unknown}
Potions
 d - a potion of invisibility {unknown}
 e - 2 potions of curing {unknown}
 g - a potion of attraction {unknown}
 j - 2 potions of flight {unknown}
 l - a potion of cancellation {unknown}
 n - a potion of degeneration {unknown}
 p - a potion of heal wounds {unknown}
 q - 3 potions of haste {unknown}

Dungeon Overview and Level Annotations

Branches:
Dungeon (4/15)
 Temple: D:4-7

Altars:
Ashenzari
Wu Jian

Annotations:
D:3 Grinder
D:4 Blork the orc
Abyss:1 Ijyb

...▒▒▒▒▒.▒▒▒........▒▒.▒
▒ ▒.▒▒..▒.....▒▒▒.▒
▒▒.▒..▒..▒▒).....▒
▒.▒▒▒....▒..▒▒▒.▒....▒
........▒▒▒.▒▒▒..▒....▒
▒▒.▒..▒▒.▒▒..▒▒..▒▒....▒
.......▒....▒▒..▒▒▒...▒▒
....▒▒....▒▒).........▒
...▒▒.....▒▒....H.▒...▒
#..▒▒..▒..▒▒..o.▒▒▒...▒
.#.............▒▒ ▒...▒
.▒.▒..........▒▒ ▒...▒
...........▒..▒ ▒▒▒▒▒
.........▒.▒..▒
.▒.▒▒.........▒
..............▒▒
..>............▒


You could see Blork the orc (fast, strong).


Message History

Blork the orc mumbles some strange words.
Blork the orc seems to speed up.
Use which ability? (? or * to list)
Aim: Ijyb, wielding a +0 club, wearing a +0 leather armour and carrying a wand of flame (17) (chance to affect: 88%)
You fail to use your ability.
Ijyb barely misses you.
Use which ability? (? or * to list)
Aim: Ijyb, wielding a +0 club, wearing a +0 leather armour and carrying a wand of flame (17) (chance to affect: 88%) Ijyb is devoured by a tear in reality.
Lugonu claims a new guest.
You can no longer banish your foes.
Unknown command.
Unknown command.
Blork the orc screams, "I'm going to kill you!"
Blork the orc hits you with a +0 hand axe.
* * * LOW HITPOINT WARNING * * *
Blork the orc closely misses you.
Blork the orc hits you with a +0 hand axe.
* * * LOW HITPOINT WARNING * * *
Blork the orc points at you and mumbles some strange words.
The puff of flame hits you!
* * * LOW HITPOINT WARNING * * *
There is a shaft here.
The bullfrog skeleton falls through a shaft!
The shaft crumbles and collapses.
Blork the orc hits you with a +0 hand axe.
* * * LOW HITPOINT WARNING * * *
Blork the orc gestures at you while chanting.
The puff of flame hits you.
You die...

Action                   |  1- 3 |  4- 6 || total
-------------------------+-------+-------++-------
Melee: Hand axe          |    81 |       ||    81
       Tailslap          |    10 |    11 ||    21
       Dagger            |    28 |   116 ||   144
       Battleaxe         |       |    15 ||    15
Invok: Banish            |       |     1 ||     1
 Abil: Rolling Charge    |     5 |     1 ||     6
Armor: Leather armour    |    40 |    52 ||    92
Dodge: Dodged            |    51 |    67 ||   118

Levels and vault maps discovered:
D:1:      onia_arrival_pentagram, layout_basic
D:2:      layout_basic, ebering_ecumenical_altar_sacrificial,
          minmay_misc_feat_diagonals, guppyfry_early_lair_pool
D:3:      layout_loops_ring, general_overflow_altar, grunt_ministairs_15,
          grunt_decor_one_mirror, feat_on_display, uniq_grinder,
          uniq_crazy_yiuf_cottage
D:4:      layout_rooms, nzn_wu_jian_council_hall, uniq_ijyb, uniq_robin,
          uniq_blork_the_orc

Notes
Turn   | Place    | Note
-------+----------+-------------------------------------------
     0 | Abyss:1  | sanka the Palentonga Abyssal Knight began the quest for the
                  | Orb.
     0 | Abyss:1  | Reached XP level 1. HP: 19/19 MP: 2/2
     3 | Abyss:1  | Found a corrupted altar of Lugonu.
     6 | D:1      | Escaped the Abyss
    51 | D:1      | Reached XP level 2. HP: 22/25 MP: 3/3
   172 | D:1      | Reached skill level 3 in Axes
   653 | D:1      | Reached ** piety under Lugonu
   715 | D:1      | Reached XP level 3. HP: 30/31 MP: 4/4
   942 | D:2      | Found a faded altar of an unknown god.
  1281 | D:2      | Reached XP level 4. HP: 35/37 MP: 5/5
  1307 | D:2      | Reached skill level 4 in Axes
  1655 | D:3      | Found a broken altar of Ashenzari.
  1780 | D:3      | Reached skill level 3 in Invocations
  1780 | D:3      | Reached XP level 5. HP: 35/44 MP: 7/7
  1956 | D:3      | Noticed a steam dragon
  1959 | D:3      | Noticed a centaur
  2086 | D:3      | Killed a centaur
  2087 | D:3      | Reached skill level 4 in Fighting
  2099 | D:3      | Noticed Grinder
  2104 | D:3      | Paralysed by Grinder for 5 turns
  2133 | D:4      | Reached XP level 6. HP: 51/51 MP: 8/8
  2197 | D:4      | Reached skill level 5 in Axes
  2240 | D:4      | Reached skill level 4 in Invocations
  2385 | D:4      | Found an ornate altar of the Wu Jian Council.
  2388 | D:4      | Reached *** piety under Lugonu
  2410 | D:4      | Noticed Ijyb
  2420 | D:4      | Noticed Blork the orc
  2429 | D:4      | Banished Ijyb
  2442 | D:4      | HP: 5/51 [Blork the orc (6)]
  2443 | D:4      | Killed from afar by Blork the orc

Vanquished Creatures
  A phantom (D:4)
  A centaur (D:3)
  4 orc priests
  3 orc wizards
  A hound skeleton (D:4)
  2 adders
  An adder skeleton (D:4)
  6 orcs
  6 ball pythons
  6 endoplasms
  2 giant cockroaches
  8 goblins
  3 hobgoblins
  2 jackals (D:3)
  8 kobolds
  A quokka (D:4)
  7 bats
  4 frilled lizards
  8 rats
74 creatures vanquished.

Vanquished Creatures (others)
  3 plants (D:2)
3 creatures vanquished.

Grand Total: 77 creatures vanquished
